 Dungeon Crawl Stone Soup version 0.30.0-29-ga12c61a403 (webtiles) character file.

Game seed: 1285794457765015730

105 cdecastro the Changer (level 4, -1/35 HPs)
             Began as a Draconian Transmuter on June 24, 2023.
             Was an Initiate of Makhleb.
             Succumbed to a scorpion's poison
             ... on level 4 of the Dungeon.
             The game lasted 00:04:44 (3529 turns).

cdecastro the Changer (Draconian Transmuter)        Turns: 3529, Time: 00:04:44

Health: -1/35      AC:  5    Str: 13    XL:     4   Next: 53%
Magic:  6/7        EV: 12    Int: 15    God:    Makhleb [......]
Gold:   145        SH:  0    Dex: 11    Spells: 1/7 levels left

rFire   . .          .
                       - Unarmed
rCold   . . .        (no shield)
rNeg    . . .        (body armour unavailable)
rPois   .            (helmet currently unavailable)
rElec   .            (no cloak)
rCorr   .            (no gloves)
SInv    .            (boots currently unavailable)
Will    .....        (no amulet)
Stlth   +            (no ring)
HPRegen 0.25/turn    (no ring)
MPRegen 0.10/turn

%: no passive effects
@: lethally poisoned (-1 -> -20), appendages
A: horns 2, talons 2, AC +5, unfitting armour, cold-blooded
a: End Transformation, Renounce Religion


You were on level 4 of the Dungeon.
You worshipped Makhleb.
Makhleb was noncommittal.
You had temporarily grown beastly horns and talons.
You visited 1 branch of the dungeon, and saw 4 of its levels.

You collected 187 gold pieces.
You spent 42 gold pieces at shops.

Inventory:

Armour
 d - a +0 hat
Jewellery
 h - an amulet of the acrobat
 r - a +4 ring of protection
Wands
 o - a wand of flame (24)
 q - a wand of iceblast (7)
Scrolls
 b - a scroll of enchant weapon {unknown}
 c - a scroll of poison {unknown}
 e - a scroll of summoning {unknown}
 f - 3 scrolls of identify {unknown}
 l - a scroll of amnesia {unknown}
 n - a scroll of teleportation {unknown}
Potions
 a - a potion of lignification
 g - 3 potions of heal wounds {unknown}
 i - a potion of invisibility {unknown}
 j - 2 potions of magic {unknown}
 k - a potion of brilliance {unknown}
 m - a potion of curing
 p - a potion of mutation {unknown}


   Skills:
 - Level 1.1 Fighting
 - Level 1.7 Dodging
 + Level 3.9 Unarmed Combat
 - Level 2.0 Spellcasting
 * Level 4.1 Transmutations


You had one spell level left.
You knew the following spells:

 Your Spells              Type           Power      Damage    Failure   Level
a - Beastly Appendage     Tmut           26%        N/A       4%          1
b - Wereblood             Tmut           13%        N/A       6%          2
c - Spider Form           Tmut/Pois      7%         N/A       28%         3

Your spell library contained the following spells:

 Spells                   Type           Power      Damage    Failure   Level
 Tukima's Dance           Hex            1%         N/A       54%         3
 Ice Form                 Ice/Tmut       7%         N/A       67%         4
 Passage of Golubria      Tloc           1%         N/A       91%         4
 Yara's Violent Unravell  Hex/Tmut       3%         3d4       95%         5


Dungeon Overview and Level Annotations

Branches:
Dungeon (4/15)
 Temple: D:4-7

Altars:
Makhleb

Shops:
D:2 !

Annotations:
D:2 Sigmund


Innate Abilities, Weirdness & Mutations

You have temporarily grown beastly horns and talons.
Your plain brown scales are hard. (AC +5)
You cannot fit into any form of body armour.
You are cold-blooded and may be slowed by cold attacks.


Message History

There is a stone staircase leading up here.
Found an escape hatch in the floor.
Found a dagger.
Unknown command.
Casting: Beastly Appendage (safe; 4% risk of failure)
Press: ? - help, Q - select action, (/) - cycle Dir - look around, f - activate You grow a pair of large bovine horns.
Your feet morph into talons.
Unknown command.
You closely miss the scorpion. The scorpion stings you.
You hit the scorpion but do no damage. Your kick misses the scorpion.
You headbutt the scorpion, but do no damage.
The scorpion stings you.
You are poisoned.
The scorpion poisons you!
You hit the scorpion. You headbutt the scorpion.
The scorpion is moderately wounded.
You feel very sick. The scorpion misses you. The scorpion stings you.
* * * LOW HITPOINT WARNING * * *
You are lethally poisoned!
The scorpion poisons you!
You closely miss the scorpion. You claw the scorpion.
Your headbutt misses the scorpion.
The scorpion is heavily wounded.
* * * LOW HITPOINT WARNING * * *
You feel very sick. The scorpion stings you.
* * * LOW HITPOINT WARNING * * *
You are more poisoned.
The scorpion poisons you!
You closely miss the scorpion.
You claw the scorpion, but do no damage.
The scorpion is heavily wounded.
* * * LOW HITPOINT WARNING * * *
You feel very sick. The scorpion closely misses you.
Unknown command.
You completely miss the scorpion. You claw the scorpion.
The scorpion is severely wounded.
You die...

# #.######+######
#....##.......# .
######.##.......#
..
+....<.hs...$...#
..#########@......#
.. #............#
##.#.###........#
#...<# #.......)#
#..#.# #........#
#..#.# #...######
#. #.. ....> ## ###
###?## ..


You could see a scorpion and a hound.

Vanquished Creatures
  An iguana (D:3)
  2 adders
  2 dart slugs (D:2)
  4 ball pythons
  4 bats
  8 endoplasms
  2 giant cockroaches
  6 goblins
  5 hobgoblins
  4 jackals (D:2)
  4 kobolds
  A quokka (D:2)
  4 frilled lizards
  5 rats
52 creatures vanquished.

Notes
Turn   | Place    | Note
-------+----------+-------------------------------------------
     0 | D:1      | cdecastro the Draconian Transmuter began the quest for the
                  | Orb.
     0 | D:1      | Reached XP level 1. HP: 16/16 MP: 3/3
   213 | D:1      | Reached XP level 2. HP: 23/23 MP: 3/5
   800 | D:1      | Reached skill level 3 in Transmutations
  1704 | D:2      | Reached XP level 3. HP: 23/28 MP: 4/6
  2099 | D:2      | Noticed Sigmund
  2136 | D:2      | Found Emukewk's Distillery.
  2144 | D:2      | Bought a potion of curing for 42 gold pieces
  2194 | D:2      | Found a burning altar of Makhleb.
  2620 | D:2      | Became a worshipper of Makhleb the Destroyer
  2799 | D:3      | Identified the +2 quarterstaff of Victory {holy, Fly}
  2994 | D:3      | Reached XP level 4. HP: 35/35 MP: 5/7
  3403 | D:4      | Learned a level 2 spell: Wereblood
  3407 | D:4      | Learned a level 3 spell: Spider Form
  3410 | D:4      | Noticed a scorpion
  3422 | D:3      | Reached skill level 4 in Transmutations
  3529 | D:4      | Succumbed to a scorpion's poison

Illustrated notes

Levels and vault maps discovered:
D:1:      lemuel_arrival_cross, layout_basic, serial_forest,
          infiniplex_forest_straight_2, infiniplex_forest_straight_1,
          infiniplex_forest_clump_tiny, infiniplex_forest_join,
          infiniplex_forest_end_2, infiniplex_forest_lined_2,
          infiniplex_forest_straight_3, infiniplex_forest_split,
          minmay_tiny_reverse_x
D:2:      minmay_inner_zag, layout_loops_cross, serial_shops, shop, basic_altar,
          chequers_hall_statues_wall_a, minmay_misc_feat_rugged, uniq_sigmund
D:3:      layout_basic
D:4:      minmay_chambers_of_twos, layout_basic, minmay_temple_entry_slanted,
          serial_shops, nicolae_shop_advertising_works
          [nicolae_subvault_shop_adworks], serial_bayou_pond_c

Skill      XL: |  1  2  3  4 |
---------------+-------------+-----
Transmutations | 3 4 |  4.1
Fighting       | |  1.1
Dodging        | |  1.7
Unarmed Combat | |  3.9
Spellcasting   | |  2.0

Action                     |  1- 3 |  4- 6 || total
---------------------------+-------+-------++-------
  Melee: Unarmed           |   576 |    18 ||   594
         Kick              |    43 |     6 ||    49
         Tailslap          |   120 |     1 ||   121
         Headbutt          |    27 |     4 ||    31
         Punch             |    16 |       ||    16
   Cast: Beastly Appendage |    32 |     5 ||    37
 Armour: Skin              |    34 |     3 ||    37
  Dodge: Dodged            |    56 |     9 ||    65
